 Dungeon Crawl Stone Soup version 0.23.2-1-ga50397a (webtiles) character file.

Game seed: 17312139233774159198

3138 grenoire the Quickloader (level 9, -3/79 HPs)
             Began as a Centaur Hunter on May 11, 2019.
             Slain by a killer bee (7 damage)
             ... on level 7 of the Dungeon.
             The game lasted 00:22:00 (6013 turns).

grenoire the Quickloader (Centaur Hunter)           Turns: 6013, Time: 00:22:01

Health: -3/79      AC: 17    Str: 16    XL:     9   Next: 61%
Magic:  0/18       EV:  3    Int: 10    God:
Gold:   261        SH:  0    Dex: 12    Spells: 8/8 levels left

rFire    . . .     SeeInvis +   a - +2 hand crossbow
rCold    . . .     Gourm    .   (no shield)
rNeg     + . .     Faith    .   n - +7 plate armour of Icsostiagu {*Slow rN+ SInv}
rPois    .         Spirit   +   p - +0 helmet
rElec    .         Reflect  .   (no cloak)
rCorr    .         Harm     .   (no gloves)
MR       .....                  (no barding)
Stlth    ..........             C - amulet of guardian spirit
HPRegen  0.23/turn              j - ring of magical power
MPRegen  0.16/turn              (no ring)

@: lethally poisoned (-3 -> -62), slowed
A: large, hooves 3, deformed body, speed 2, tough skin 3
a: no special abilities


You were on level 7 of the Dungeon.
You were full.

You visited 1 branch of the dungeon, and saw 8 of its levels.

You collected 386 gold pieces.
You spent 125 gold pieces at shops.

Inventory:

Hand Weapons
 a - a +2 hand crossbow (weapon)
 b - a +0 short sword
 u - a +4 spear
Missiles
 d - 7 bolts (quivered)
Armour
 c - a +0 leather armour
 k - a +1 hat
 n - the +7 plate armour of Icsostiagu (worn) {*Slow rN+ SInv}
   (You found it on level 4 of the Dungeon)

   It protects you from negative energy.
   It lets you see invisible.
   It may slow you when you take damage.
 p - a +0 helmet (worn)
 q - a +0 ring mail
Jewellery
 j - a ring of magical power (left hand)
 z - an uncursed ring of fire
 C - an amulet of guardian spirit (around neck)
Wands
 w - a wand of random effects (10)
 y - a wand of flame (11)
 A - a wand of iceblast (17)
Scrolls
 e - 4 scrolls of teleportation
 i - 2 scrolls of magic mapping
 r - 3 scrolls of identify
 s - 2 scrolls of remove curse
 x - a scroll of random uselessness {unknown}
Potions
 g - 2 potions of flight
 h - a potion of agility
 l - a potion of curing
 m - 2 potions of heal wounds
 o - 3 potions of resistance
 t - a potion of mutation {unknown}
 v - a potion of berserk rage {unknown}
 B - a potion of degeneration {unknown}
Comestibles
 f - 10 rations


   Skills:
 + Level 7.6 Fighting
 + Level 11.7 Crossbows
 + Level 3.2 Armour
 + Level 2.2 Dodging
 + Level 0.5 Stealth


You had 8 spell levels left.
You didn't know any spells.
Your spell library was empty.

Dungeon Overview and Level Annotations

Branches:
Dungeon (8/15)             Temple (0/1) D:7
   Lair: D:8-11

Altars:
Fedhas
Qazlal
Trog

Shops:
D:7 *


Innate Abilities, Weirdness & Mutations

You have hooves in place of feet.
Armour fits poorly on your strangely shaped body.
You cover ground very quickly.
You have extremely tough skin. (AC +3)


Message History

You shoot a bolt. The bolt closely misses the killer bee.
* * * LOW HITPOINT WARNING * * *
You feel very sick.
The killer bee stings you but does no damage.
The killer bee stings you!
* * * LOW HITPOINT WARNING * * *
The killer bee stings you.
* * * LOW HITPOINT WARNING * * *
You are more poisoned.
The killer bee poisons you! The killer bee barely misses you.
The killer bee stings you.
* * * LOW HITPOINT WARNING * * *
The killer bee stings you but does no damage.
The queen bee stings you!
* * * LOW HITPOINT WARNING * * *
You are more poisoned.
The queen bee poisons you!
The killer bee stings you but does no damage.
The killer bee stings you!
You die...

#.................
#..####...PP......
#..####+..∩P......
#........PPP......
#.................
#.................
#...........+.....
#############.....
#@y#####.....####.
#yy'...'.....# #.
#..#...#...[.# #.
########.....# #.
####### ##


You could see a queen bee and 2 killer bees.

Vanquished Creatures
  Prince Ribbit (D:5)
  Eustachio (D:5)
  Edmund (D:5)
  2 sky beasts (D:7)
  3 phantoms
  4 ogres
  A centaur (D:7)
  5 bullfrogs
  Blork the orc (D:5)
  2 big kobolds (D:7)
  2 scorpions
  2 killer bees (D:8)
  3 wights (D:6)
  3 howler monkeys
  A bullfrog zombie (D:6)
  A centaur zombie (D:7)
  3 crimson imps
  4 orc priests
  3 hounds
  2 bullfrog skeletons
  5 orc wizards
  2 worker ants
  2 worker ant zombies (D:5)
  4 gnolls
  A howler monkey skeleton (D:5)
  8 adders
  2 shadow imps
  2 oozes
  An adder zombie (D:6)
  4 dart slugs
  21 orcs
  8 bats
  6 giant cockroaches
  10 goblins
  12 hobgoblins
  15 jackals
  14 kobolds
  2 quokkas
  3 ball pythons
  4 frilled lizards
  A leopard gecko skeleton (D:5)
  6 rats
178 creatures vanquished.

Notes
Turn   | Place    | Note
-------+----------+-------------------------------------------
     0 | D:1      | grenoire the Centaur Hunter began the quest for the Orb.
     0 | D:1      | Reached XP level 1. HP: 17/17 MP: 1/1
   150 | D:1      | Reached XP level 2. HP: 14/24 MP: 2/2
   398 | D:1      | Reached skill level 5 in Crossbows
   398 | D:1      | Reached XP level 3. HP: 9/30 MP: 3/3
  1326 | D:2      | Found a bloodstained altar of Trog.
  1611 | D:3      | Reached XP level 4. HP: 36/37 MP: 4/4
  2557 | D:4      | Noticed a bullfrog
  2565 | D:4      | Killed a bullfrog
  2565 | D:4      | Reached skill level 6 in Crossbows
  2565 | D:4      | Reached XP level 5. HP: 31/44 MP: 5/5
  2669 | D:4      | Reached skill level 1 in Armour
  2681 | D:4      | Reached XP level 6. HP: 31/51 MP: 6/6
  2746 | D:4      | Reached skill level 7 in Crossbows
  3157 | D:4      | Got a polished plate armour
  3203 | D:4      | Identified the +7 plate armour of Icsostiagu {*Slow rN+
                  | SInv} (You found it on level 4 of the Dungeon)
  3295 | D:5      | Entered Level 5 of the Dungeon
  3316 | D:5      | Noticed Edmund
  3325 | D:5      | Killed Edmund
  3325 | D:5      | Reached skill level 8 in Crossbows
  3325 | D:5      | Reached XP level 7. HP: 49/58 MP: 7/7
  3361 | D:5      | Noticed Eustachio
  3384 | D:5      | Killed Eustachio
  3478 | D:5      | Noticed Blork the orc
  3493 | D:5      | Killed Blork the orc
  3548 | D:5      | Reached skill level 9 in Crossbows
  3651 | D:5      | Noticed Prince Ribbit
  3668 | D:5      | Killed Prince Ribbit
  3668 | D:5      | Reached XP level 8. HP: 58/67 MP: 8/8
  3796 | D:5      | Reached skill level 10 in Crossbows
  3904 | D:5      | Reached skill level 5 in Fighting
  4529 | D:6      | Found a stormy altar of Qazlal.
  4529 | D:6      | Found a blossoming altar of Fedhas.
  4651 | D:6      | Reached XP level 9. HP: 75/75 MP: 9/9
  4786 | D:6      | Reached skill level 11 in Crossbows
  5267 | D:7      | Found a staircase to the Ecumenical Temple.
  5652 | D:7      | Found Uhiaph's Assorted Antiques.
  5661 | D:7      | Bought a dented lapis lazuli amulet for 125 gold pieces
  6001 | D:8      | Noticed a queen bee
  6013 | D:7      | Slain by a killer bee

Skill      XL: |  1  2  3  4  5  6  7  8  9 |
---------------+----------------------------+-----
Crossbows      | 5 6 8 9 10 11 | 11.7
Armour         | 1 2 3 |  3.2
Fighting       | 3 4 6 7 |  7.6
Dodging        | 2 |  2.2
Stealth        | |  0.5

Action                   |  1- 3 |  4- 6 |  7- 9 || total
-------------------------+-------+-------+-------++-------
Melee: Hand crossbow     |    50 |     1 |       ||    51
       Kick              |     7 |       |       ||     7
 Fire: Hand crossbow     |   100 |   176 |   364 ||   640
  Use: Scroll            |     8 |     2 |     2 ||    12
       Potion            |       |     7 |     3 ||    10
  Eat: Ration            |     1 |       |     3 ||     4
       Chunk             |       |     2 |     2 ||     4
Armor: Leather armour    |    57 |     9 |       ||    66
       Ring mail         |       |    22 |       ||    22
       Plate armour      |       |     4 |   165 ||   169
Dodge: Dodged            |    51 |    44 |    36 ||   131
